 Dungeon Crawl Stone Soup version 0.22-b1-21-g5cfc168 (webtiles) character file.

10098 Gorglomux the Fighter (level 11, -10/74 HPs)
             Began as a Gargoyle Skald on Aug 5, 2018.
             Was an Elder of Okawaru.
             Mangled by a frost giant
             ... wielding a +2 battleaxe of freezing
              (24 damage)
             ... on level 11 of the Dungeon.
             The game lasted 00:11:03 (14368 turns).

Gorglomux the Fighter (Gargoyle Skald)             Turns: 14368, Time: 00:11:03

Health: -10/74     AC: 30    Str: 17    XL:     11   Next: 56%
Magic:  8/14       EV: 10    Int: 15    God:    Okawaru [****..]
Gold:   429        SH:  5    Dex:  9    Spells: 14/14 levels left

rFire    + . .     SeeInvis .   N - +0 war axe
rCold    + . .     Gourm    .   L - +0 buckler
rNeg     + . .     Faith    .   J - +0 chain mail
rPois    ∞         Spirit   .   (no helmet)
rElec    +         Reflect  .   F - scarf {repulsion}
rCorr    +         Harm     .   I - +0 pair of gloves of Zaifrusm {Slay+3}
MR       +....                  r - +2 pair of boots
Stlth    ..........             (no amulet)
HPRegen  0.22/turn              m - ring of protection from magic
MPRegen  0.14/turn              M - +3 ring of protection

@: resistant, heroism, finesse, repel missiles
A: negative energy resistance 1, electricity resistance, unbreathing,
petrification resistance, rot immunity, AC +8
a: Heroism, Renounce Religion


You were on level 11 of the Dungeon.
You worshipped Okawaru.
Okawaru was greatly pleased with you.
You were not hungry.

You visited 2 branches of the dungeon, and saw 12 of its levels.

You collected 695 gold pieces.
You spent 266 gold pieces at shops.

Inventory:

Hand Weapons
 a - a +0 hand axe
 N - a +0 war axe (weapon)
Armour
 r - a +2 pair of boots (worn)
 F - a scarf of repulsion (worn)
 I - the +0 pair of gloves of Zaifrusm (worn) {Slay+3}
   (You bought it in a shop on level 10 of the Dungeon)

   It affects your accuracy and damage with ranged weapons and melee attacks
   (+3).
 J - a +0 chain mail (worn)
 L - a +0 buckler (worn)
Jewellery
 m - a ring of protection from magic (left hand)
 s - an uncursed ring of see invisible
 M - a +3 ring of protection (right hand)
Wands
 A - a wand of acid (2)
 E - a wand of enslavement (6)
Scrolls
 n - 5 scrolls of remove curse
 q - 2 scrolls of fog
 w - a scroll of enchant armour
 z - 4 scrolls of enchant weapon
 B - a scroll of blinking
 O - 2 scrolls of immolation
 R - 2 scrolls of identify
 T - 5 scrolls of teleportation
 Y - a scroll of fear
 Z - a scroll of vulnerability {unknown}
Potions
 i - a potion of might
 j - 3 potions of haste
 k - 2 potions of agility
 t - 2 potions of lignification
 v - 4 potions of mutation
 G - a potion of invisibility
 P - a potion of magic
 Q - 4 potions of curing
 S - a potion of flight
 V - a potion of berserk rage {unknown}
 W - a potion of heal wounds
 X - 2 potions of brilliance
Comestibles
 d - 18 rations
 K - 3 chunks of flesh


   Skills:
 + Level 11.0(16.0) Fighting
 + Level 9.3(14.3) Axes
 + Level 10.8(15.8) Armour
 - Level 1.5(6.5) Dodging
 - Level 4.0(9.0) Shields
 - Level 2.0 Spellcasting
   Level 2.6 Charms
 - Level 3.0 Invocations


You had 14 spell levels left.
You didn't know any spells.
Your spell library contained the following spells:

 Spells                   Type           Power        Failure   Level  Hunger
 Regeneration             Chrm/Necr      #.........   94%         3    ###....
 Spider Form              Tmut/Pois      #.........   99%         3    ###....
 Blade Hands              Tmut           #.........   100%        5    ######.
 Ice Form                 Ice/Tmut       #.......     100%        4    #####..
 Sticks to Snakes         Tmut           #.......     91%         2    ###....
 Shroud of Golubria       Chrm/Tloc      #.........   77%         2    ###....
 Beastly Appendage        Tmut           #.....       82%         1    #......
 Infusion                 Chrm           #...         43%         1    #......
 Song of Slaying          Chrm           #.......     58%         2    ###....
 Spectral Weapon          Hex/Chrm       #.......     94%         3    ###....


Dungeon Overview and Level Annotations

Branches:
Dungeon (11/15)            Temple (1/1) D:5             Orc (0/2) D:9
   Lair: D:8-11

Altars:
Ashenzari
Cheibriados
Dithmenos
Elyvilon
Fedhas
Gozag
Hepliaklqana
Kikubaaqudgha
Makhleb
Nemelex Xobeh
Okawaru
Qazlal
Ru
Sif Muna
Trog
Uskayaw
Vehumet
Wu Jian
Xom
Yredelemnul
Zin
The Shining One

Shops:
D:4 (   D:8 [   D:10 [


Innate Abilities, Weirdness & Mutations

You are resistant to torment.
Your stone body is resilient. (AC +8)
You are immune to poison.
You resist negative energy. (rN+)
You are resistant to electric shocks. (rElec)
You can survive without breathing.
You are immune to petrification.
You are immune to rotting.


Message History

You are too injured to fight recklessly!!!
You block the rime drake's attack!
Unknown command!
You chop the frost butt into pieces!!!
The frost giant is heavily wounded!
You slice the polar bear but do no damage!
Unknown command!
Evoke which item? (* to show all) (? for menu, Esc to butt)
Aiming: Corrosive Bolt
Press: ? - butt, Shift-Dir - straight line, f - polar bear
Aim: a polar bear (lightly wounded)
The bolt of acid hits the polar bear!
The polar bear is butt with acid!
The acid corrodes the polar bear!!!
The polar bear is moderately wounded!
The butt butt you melts away!
The polar bear bites you but does no damage!
The polar bear claws you but does butt damage!
The polar bear completely misses you!
The frost giant hits butt with a BATTLEAXE of freezing!!!!!! rip

#.. #.... #..
#..... #.##......
#.#.......
#.#..)..#=
#.z.....k#
#########z#...k.#)
#......hk.#.......
#.....@Ckk##......
#.######...##....z
#.# #...# #...z
#.# #...# #... #.#
#...# ##z #.#
#...# #.# #...#
#.# #...# #.#
#...#


You could see a frost giant, a polar bear, 3 rime drakes and 2 wights.

Vanquished Creatures
  2 two-headed ogres
  A troll (D:9)
  A queen bee (D:8)
  2 hippogriffs (D:7)
  5 yaks (D:9)
  A wraith (D:10)
  2 wyverns
  Eustachio (D:4)
  A water moccasin (D:5)
  5 orc warriors
  An eye of draining (D:10)
  3 sky beasts
  2 ice beasts
  2 phantoms
  5 ogres
  A necrophage (D:9)
  8 centaurs
  2 big kobolds (D:9)
  9 bullfrogs
  Blork the orc (D:4)
  A scorpion (D:9)
  21 killer bees
  3 howler monkeys
  7 wights
  2 centaur zombies
  5 crimson imps
  A quasit (D:10)
  4 orc priests
  A bullfrog zombie (D:10)
  3 centaur skeletons
  4 hounds
  A jelly (D:8)
  11 orc wizards
  Jessica (D:2)
  6 worker ants
  Natasha (thrice) (D:4)
  7 iguanas
  2 hound zombies
  2 hound skeletons
  A howler monkey zombie (D:7)
  Robin (D:2)
  4 worker ant zombies
  10 adders
  9 gnolls
  2 howler monkey skeletons
  3 shadow imps
  3 oozes
  2 adder skeletons
  4 worms
  3 dart slugs
  5 leopard geckos
  26 orcs
  7 bats
  8 giant cockroaches
  16 goblins
  12 hobgoblins
  17 jackals
  6 quokkas
  4 frilled lizards
  10 kobolds
  3 rats
296 creatures vanquished.

Notes
Turn   | Place    | Note
-------+----------+-------------------------------------------
     0 | D:1      | Gorglomux the Gargoyle Skald began the quest for the Orb.
     0 | D:1      | Reached XP level 1. HP: 12/12 MP: 3/3
   595 | D:1      | Reached XP level 2. HP: 17/18 MP: 5/5
  1415 | D:2      | Reached XP level 3. HP: 16/22 MP: 6/6
  1935 | D:2      | Reached skill level 3 in Fighting
  2247 | D:2      | Found a radiant altar of Vehumet.
  2264 | D:2      | Reached XP level 4. HP: 27/28 MP: 7/7
  2497 | D:2      | Noticed Jessica
  2500 | D:2      | Killed Jessica
  2517 | D:2      | Noticed Robin
  2533 | D:2      | Reached skill level 3 in Armour
  2754 | D:2      | Killed Robin
  2754 | D:2      | Reached skill level 3 in Axes
  2754 | D:2      | Reached XP level 5. HP: 19/32 MP: 8/8
  3152 | D:3      | Found a shattered altar of Ashenzari.
  3152 | D:3      | Found an ornate altar of the Wu Jian Council.
  3278 | D:3      | Found an ancient bone altar of Kikubaaqudgha.
  3845 | D:3      | Reached skill level 4 in Fighting
  4123 | D:4      | Reached XP level 6. HP: 23/38 MP: 9/9
  4240 | D:4      | Noticed Blork the orc
  4252 | D:4      | Killed Blork the orc
  4517 | D:4      | Found Vocaed's Weapon Shop.
  4659 | D:4      | Noticed Natasha
  4683 | D:4      | Killed Natasha
  4757 | D:4      | Noticed Natasha
  4757 | D:4      | Noticed Eustachio
  4794 | D:5      | Entered Level 5 of the Dungeon
  5048 | D:4      | Killed Natasha
  5230 | D:4      | Killed Eustachio
  5230 | D:4      | Reached skill level 5 in Fighting
  5230 | D:4      | Reached XP level 7. HP: 12/44 MP: 1/10
  5424 | D:4      | Noticed Natasha
  5446 | D:4      | Killed Natasha
  5607 | D:4      | Found a white marble altar of Elyvilon.
  6519 | D:5      | Found a shimmering altar of Xom.
  6739 | D:5      | Found a staircase to the Ecumenical Temple.
  6940 | D:5      | Reached XP level 8. HP: 30/51 MP: 11/11
  7275 | Temple   | Entered the Ecumenical Temple
  7422 | Temple   | Became a worshipper of Warmaster Okawaru
  7479 | D:6      | Reached skill level 6 in Fighting
  7539 | D:6      | Reached skill level 6 in Armour
  7596 | D:6      | Reached * piety under Okawaru
  8031 | D:6      | Reached skill level 7 in Fighting
  8278 | D:6      | Reached skill level 6 in Axes
  8433 | D:6      | Reached XP level 9. HP: 47/57 MP: 12/12
  8517 | D:6      | Reached skill level 1 in Invocations
  8535 | D:6      | HP: 2/57 [centaur/arrow (6)]
  8813 | D:6      | Found a burning altar of Makhleb.
  8859 | D:6      | Found a deep blue altar of Sif Muna.
  9117 | D:7      | Reached ** piety under Okawaru
  9323 | D:7      | Reached skill level 8 in Fighting
  9360 | D:7      | Reached skill level 3 in Invocations
 10301 | D:7      | Reached *** piety under Okawaru
 10301 | D:7      | Reached XP level 10. HP: 56/65 MP: 13/13
 10432 | D:7      | Found a basalt altar of Yredelemnul.
 10640 | D:8      | Reached skill level 9 in Fighting
 10845 | D:8      | Reached skill level 9 in Armour
 10845 | D:8      | Reached skill level 1 in Shields
 10887 | D:8      | HP: 2/66 [killer bee (3)]
 10899 | D:8      | HP: 3/66 [killer bee (2)]
 11552 | D:8      | Noticed a two-headed ogre
 11566 | D:8      | Killed a two-headed ogre
 11566 | D:8      | Reached **** piety under Okawaru
 11566 | D:8      | Reached skill level 3 in Shields
 11882 | D:8      | Found Buahurime's Antique Armour Shop.
 12136 | D:9      | Reached skill level 10 in Fighting
 12143 | D:9      | Reached XP level 11. HP: 57/72 MP: 14/14
 12207 | D:9      | Found a staircase to the Orcish Mines.
 12624 | D:9      | Found a hazy altar of Hepliaklqana.
 13318 | D:10     | Entered Level 10 of the Dungeon
 13318 | D:10     | Found Uskofad's Antique Armour Shop.
 13368 | D:10     | Bought a pair of ancient gloves for 266 gold pieces
 13373 | D:10     | Identified the +0 pair of gloves of Zaifrusm {Slay+3} (You bought it in a shop on level 10 of the Dungeon)
 13440 | D:10     | Reached skill level 9 in Axes
 13466 | D:10     | Noticed a two-headed ogre
 13480 | D:10     | Killed a two-headed ogre
 13809 | D:10     | Reached ***** piety under Okawaru
 14141 | D:10     | Reached skill level 11 in Fighting
 14343 | D:11     | Noticed a frost giant
 14368 | D:11     | Mangled by a frost giant

Skill      XL: |  1  2  3  4  5  6  7  8  9 10 11 |
---------------+----------------------------------+-----
Axes           | 2 3 4 6 7 8 9 |  9.3
Armour         | 2 3 4 5 7 8 9 10 | 10.8
Fighting       | 3 4 5 7 8 10 11 | 11.0
Invocations    | 3 |  3.0
Shields        | 4 |  4.0
Dodging        | |  1.5
Spellcasting   | |  2.0
Charms         | |  2.6

Action                   |  1- 3 |  4- 6 |  7- 9 | 10-12 || total
-------------------------+-------+-------+-------+-------++-------
Melee: Hand axe          |   114 |   411 |   492 |       ||  1017
       War axe           |       |       |    90 |   542 ||   632
       Punch             |       |       |     3 |       ||     3
 Cast: Infusion          |       |     2 |     1 |       ||     3
Invok: Heroism           |       |       |     6 |    19 ||    25
       Finesse           |       |       |       |     1 ||     1
Evoke: Wand              |       |       |     5 |     4 ||     9
  Use: Potion            |       |     5 |     1 |     5 ||    11
       Scroll            |       |       |       |    17 ||    17
  Eat: Chunk             |     1 |     9 |    18 |    14 ||    42
       Ration            |     1 |       |       |       ||     1
Armor: Leather armour    |    15 |       |       |       ||    15
       Scale mail        |    45 |   379 |   437 |   209 ||  1070
       Chain mail        |       |       |       |   240 ||   240
Dodge: Dodged            |    65 |   342 |   358 |   393 ||  1158
Block: Buckler           |       |       |       |   160 ||   160
